 Dungeon Sprint DCSS version 0.30-a0-4-ga7cffc901d (webtiles) character file.

Game seed: 16255901730384206987

541 enile the Fighter (level 7, -3/63 HPs)
             Began as a Djinni Wanderer on Aug 21, 2022.
             Was a High Priest of Cheibriados.
             Slain by a deep elf death mage
             ... wielding a +0 long sword
              (11 damage)
             ... in the Dungeon (Sprint V: "Ziggurat Sprint").
             The game lasted 00:03:23 (549 turns).

enile the Fighter (Djinni Wanderer)                  Turns: 549, Time: 00:03:23

Health: -3/63      AC:  3    Str: 29    XL:     7   Next: 52%
Gold:   0          EV: 20    Int: 28    God:    Cheibriados [*****.] SH:  0 Dex: 36

rFire   + + .      SeeInvis +    B - +9 heavy crossbow "Sniper" {vorpal, Acc+∞ SInv}
rCold   x . .      Faith    .    (shield currently unavailable)
rNeg    . . .      Spirit   .    G - +0 robe "Apylymin" {Str+3}
rPois   ∞          Reflect  .    (no helmet)
rElec   .          Harm     .    b - +0 cloak
rCorr   .          Rampage  .    (no gloves)
Will    .....      NoTele   +    (boots unavailable)
Stlth   +++.......               (no amulet)
HPRegen 0.20/turn                r - +6 ring of dexterity
MPRegen 0.00/turn                s - +6 ring of dexterity

@: flying, studying Spellcasting, very slow
A: sickness immunity, fire resistance 2, cold vulnerability 1, float, innate
caster, HP casting, extra vitality 1
a: Renounce Religion, Bend Time, Temporal Distortion, Slouch, Step From Time


You were in the Dungeon.
You worshipped Cheibriados.
Cheibriados was extremely pleased with you.
You visited 1 branch

Inventory:

Hand Weapons
 a - a +0 club
 B - the +9 heavy crossbow "Sniper" (weapon) {vorpal, Acc+∞ SInv}
   (You found it in the Dungeon)

   Any ammunition fired from it inflicts extra damage upon your enemies.
   Any ammunition fired from it never misses its target.
   SInv:      It lets you see invisible.
 C - the +7 great mace "Firestarter" {inner flame, rF++}
   (You found it in the Dungeon)

   It burns those it strikes, dealing additional fire damage.
   It fills those it strikes with an explosive inner flame.
   It grants immunity to clouds of flame.
   rF:        It greatly protects you from fire.
 D - the +13 scythe of Curses {drain, Drain}
   (You found it in the Dungeon)

   A truly terrible weapon, it drains the life of any living foe it strikes.
   It inflicts powerful necromantic curses on any living foe it strikes.
   Drain:     It drains your maximum health when unequipped.
 J - the +7 spear of Grandeur {vamp, rF+}
   (You found it in the Dungeon)

   It occasionally heals its wielder for a portion of the damage dealt when it
   wounds a living foe.
   rF:        It protects you from fire.
Armour
 b - a +0 cloak (worn)
 d - a +0 robe
 m - a +3 kite shield
 E - +5 gold dragon scales
 G - the +0 robe "Apylymin" (worn) {Str+3}
   (You found it in the Dungeon)

   Str:       It affects your strength (+3).
Magical Staves
 H - a staff of death
 K - a staff of earth
Jewellery
 r - a +6 ring of dexterity (left hand)
 s - a +6 ring of dexterity (right hand)
 t - a +6 ring of intelligence
 u - a +6 ring of intelligence
 v - a +6 ring of strength
 w - a +6 ring of strength
 F - a +6 ring of strength
Wands
 x - a wand of mindburst (7)
 y - a wand of iceblast (5)
 z - a wand of acid (7)
Scrolls
 i - 4 scrolls of blinking
 o - 6 scrolls of butterflies
 p - 5 scrolls of identify
 q - a scroll of fear
Potions
 c - a potion of lignification
 e - 10 potions of curing
 f - 9 potions of heal wounds
 g - 6 potions of haste
 h - 3 potions of berserk rage
 j - 2 potions of brilliance
 k - 2 potions of invisibility
 l - 4 potions of resistance
 n - 5 potions of might
Miscellaneous
 A - a lightning rod (4/4)
 I - a phantom mirror


   Skills:
 - Level 10.0 Fighting
 - Level 1.0 Throwing
 + Level 6.2 Dodging
 - Level 10.0 Spellcasting
 - Level 5.2 Evocations


You had 11 spell levels left.
You knew the following spells:

 Your Spells              Type           Power      Damage    Failure   Level
a - Summon Small Mammal   Summ           100%       N/A       1%          1
b - Summon Lightning Spi  Summ/Air       63%        N/A       1%          4
c - Summon Ice Beast      Ice/Summ       63%        N/A       1%          4
d - Freeze                Ice            100%       1d11      1%          1
e - Poisonous Vapours     Pois/Air       100%       N/A       1%          2
f - Ozocubu's Armour      Ice            63%        N/A       1%          3

Your spell library contained the following spells:

 Spells                   Type           Power      Damage    Failure   Level


Dungeon Overview and Level Annotations

Branches:
Dungeon (1/1)

Altars:
Ashenzari
Cheibriados
Dithmenos
Elyvilon
Fedhas
Gozag
Hepliaklqana
Makhleb
Nemelex Xobeh
Okawaru
Qazlal
Ru
Trog
Uskayaw
Wu Jian
Xom
Yredelemnul
Zin
The Shining One
Jiyva
Lugonu

Annotations:
D 1 transporter


Innate Abilities, Weirdness & Mutations

You are immune to sickness and miasma.
You are immune to poison.
Your flesh is very heat resistant. (rF++)
You are vulnerable to cold. (rC-)
You float through the air rather than walking.
You learn spells naturally, not from books.
Your magical power is your life essence.
You have superior vitality. (+4 MHP)


Message History

Send 'em back where they came from!
Your lightning spire disappears in a puff of smoke!
The deep elf archer unwields a +0 dagger.
The deep elf archer wields a +0 shortbow.
The deep elf archer shoots an arrow.
The arrow closely misses you.
Aiming: Thunderbolt
Press: ? - help, Shift-Dir - straight line, f/p - deep elf death mage
Aim: a deep elf death mage, wielding a +0 long sword (heavily wounded)
Okay, then.
As you read the scroll of butterflies, it crumbles to dust.
You hear the tinkle of a tiny bell.
The deep elf pyromancer hits your butterfly with a +0 dagger.
Your butterfly dies!
Your butterfly disappears in a burst of colours!
The deep elf death mage completely misses you.
The deep elf pyromancer completely misses you.
The deep elf archer unwields a +0 shortbow.
The deep elf archer wields a +0 dagger.
The deep elf archer hits your butterfly with a +0 dagger!
Your butterfly dies!
Your butterfly disappears in a burst of colours!
Fire: B) +9 heavy crossbow "Sniper" {vorpal, Acc+∞ SInv}
Press: ? - help, Shift-Dir - straight line, f - deep elf pyromancer, p - deep elf death mage
Aim: a deep elf pyromancer, wielding a +0 long sword (almost dead, ally target, 100% to hit)
You shoot a bolt. The bolt hits the deep elf pyromancer!!
You kill the deep elf pyromancer!
Cheibriados thoroughly appreciates the change of pace.
The deep elf pyromancer hits your butterfly with a +0 dagger.
Your butterfly dies!
Your butterfly disappears in a burst of colours!
The deep elf death mage hits you with a +0 long sword!
The deep elf archer barely misses your butterfly.
The deep elf pyromancer gestures wildly while chanting.
The deep elf pyromancer blinks!
The deep elf death mage hits you with a +0 long sword!
* * * LOW HITPOINT WARNING * * *
The deep elf archer gestures at you while chanting.
You resist with significant effort.
The deep elf death mage hits you with a +0 long sword!
You die...

▓..©..▓..©..▓▓▓▓▓▓▓
▓▓▓▓▓▓▓▓▓▓▓▓▓▓▓▓▓▓▓
▓..8©8...▓..8©8...▓
▓....=...▓..[|b...▓
▓........▓..b.}...▓
▓........▓...e.b..▓
▓........▓..eb.bb.▓
▓.▓....▓.▓.▓.b)b▓.▓
▓...©....▓...@e...▓
▓▓▓▓▓▓▓▓▓▓▓▓▓▓▓▓▓▓▓


You could see a deep elf death mage (ally target), a deep elf archer (repels
missiles, ally target) and a deep elf pyromancer (ally target).

Vanquished Creatures
  A deep elf pyromancer (D)
  An air elemental (D)
  A floating eye (D)
  A wolf (D)
  A quasit (D)
  3 jellies (D)
  2 iguanas (D)
  2 white imps (D)
  An ufetubus (D)
  2 orcs (D)
15 creatures vanquished.

Notes
Turn   | Place    | Note
-------+----------+-------------------------------------------
     0 | D        | enile the Djinni Wanderer began the quest for the Orb.
     0 | D        | enile set off with the following items: a +0 club, a +0
                  | cloak, a potion of lignification, a +0 robe, 2 potions of
                  | curing, a potion of heal wounds, a potion of haste, a
                  | potion of berserk rage, a scroll of blinkingthe following
                  | spells memorised: Summon Small Mammal, Summon Lightning
                  | Spire, Summon Ice Beast.
     0 | D        | Reached XP level 1. HP: 21/21 MP: 0/0
     0 | D        | Found a sacrificial altar of Ru.
     0 | D        | Found a bloodstained altar of Trog.
     0 | D        | Found a stormy altar of Qazlal.
     0 | D        | Found an iron altar of Okawaru.
     0 | D        | Found a sparkling altar of Nemelex Xobeh.
     0 | D        | Found a blossoming altar of Fedhas.
     0 | D        | Found the +6 Majin-Bo {vamp, MP+6 Int+6}
     0 | D        | Found the +9 heavy crossbow "Sniper" {vorpal, Acc+∞ SInv}
     0 | D        | Found the +10 dark maul {vorpal}
     0 | D        | Found the +15 Maxwell's patent armour {-Cast -Tele rElec
                  | Will+ rCorr}
     0 | D        | Found the +18 shield of the Gong {rElec rN+ Will+ EV-5}
     0 | D        | Found the +14 obsidian axe {vorpal, Mesm Drain Fly SInv}
     0 | D        | Found the +7 great mace "Firestarter" {inner flame, rF++}
     0 | D        | Found the +6 shillelagh "Devastator" {shatter}
     0 | D        | Found the +11 plutonium sword {Contam Stlth-}
     0 | D        | Found the +8 lance "Wyrmbane" {slay drac, rPois rF+ rC+
                  | AC+3}
     0 | D        | Found the +9 sword of Zonguldrok {reap}
     0 | D        | Found the +13 scythe of Curses {drain, Drain}
     0 | D        | Found the +5 sword of Power {vorpal}
     0 | D        | Found the +7 mace of Variability {chain chaos}
     0 | D        | Found the +7 Singing Sword {vorpal, sonic wave}
     0 | D        | Found the +8 storm bow {elec, penet}
     2 | D        | Found a transporter.
     2 | D        | Found a viscous altar of Jiyva.
     2 | D        | Found a corrupted altar of Lugonu.
     2 | D        | Found a hazy altar of Hepliaklqana.
     2 | D        | Found a burning altar of Makhleb.
     2 | D        | Found an opulent altar of Gozag.
    92 | D        | Became a worshipper of Cheibriados the Contemplative
   110 | D        | Reached skill level 5 in Evocations
   110 | D        | Reached XP level 2. HP: 30/30 MP: 0/0
   139 | D        | Entered arena 2.
   139 | D        | Found a transporter.
   144 | D        | Reached * piety under Cheibriados
   280 | D        | Entered arena 3.
   280 | D        | Noticed a wolf
   280 | D        | Found a transporter.
   283 | D        | Killed a wolf
   283 | D        | Reached ** piety under Cheibriados
   284 | D        | Reached XP level 3. HP: 14/38 MP: 0/0
   284 | D        | Learned a level 1 spell: Freeze
   284 | D        | Reached XP level 4. HP: 16/44 MP: 0/0
   290 | D        | Reached XP level 5. HP: 33/51 MP: 0/0
   290 | D        | Learned a level 2 spell: Poisonous Vapours
   294 | D        | Reached skill level 10 in Fighting
   400 | D        | Entered arena 4.
   400 | D        | Found a transporter.
   402 | D        | Reached *** piety under Cheibriados
   404 | D        | Reached XP level 6. HP: 58/58 MP: 0/0
   404 | D        | Reached **** piety under Cheibriados
   410 | D        | Acquired a manual of Spellcasting
   413 | D        | Got the +0 robe "Apylymin" {Str+3}
   427 | D        | Entered arena 5.
   427 | D        | Noticed a floating eye
   427 | D        | Found a transporter.
   428 | D        | Killed a floating eye
   430 | D        | Reached ***** piety under Cheibriados
   435 | D        | Reached skill level 10 in Spellcasting
   435 | D        | Reached XP level 7. HP: 45/63 MP: 0/0
   435 | D        | Learned a level 3 spell: Ozocubu's Armour
   536 | D        | Got the +7 spear of Grandeur {vamp, rF+}
   542 | D        | Entered arena 6.
   542 | D        | Noticed an air elemental
   542 | D        | Noticed a deep elf archer
   542 | D        | Noticed a deep elf pyromancer
   542 | D        | Noticed a deep elf death mage
   542 | D        | Noticed a deep elf pyromancer
   542 | D        | Found a transporter.
   542 | D        | Paralysed by an air elemental for 1 turns
   544 | D        | Killed an air elemental
   549 | D        | Killed a deep elf pyromancer
   549 | D        | Slain by a deep elf death mage

Illustrated notes

Levels and vault maps discovered:
D:        sprint_v [room_start, room_1, room_2, room_3, room_4, room_5, room_6,
          room_7, room_8, room_9, room_10, room_11, room_12, room_13, room_14,
          room_15, room_16, room_17, room_18, room_19, room_20, room_21,
          room_22, room_23, room_24, room_25, room_26, room_27]

Skill      XL: |  1  2  3  4  5  6  7 |
---------------+----------------------+-----
Fighting       | 6 8 9 10 | 10.0
Evocations     | 5 |  5.2
Spellcasting   | 3 4 10 | 10.0
Dodging        | 6 |  6.2
Throwing       | |  1.0

Action                   |  1- 3 |  4- 6 |  7- 9 || total
-------------------------+-------+-------+-------++-------
 Fire: Heavy crossbow    |     6 |    10 |     1 ||    17
 Cast: Summon Lightning  |       |       |     1 ||     1
Evoke: Lightning rod     |     2 |     4 |       ||     6
       Wand              |       |       |     2 ||     2
  Use: Potion            |     1 |     1 |     1 ||     3
       Scroll            |       |     2 |     1 ||     3
Armor: Robe              |       |     7 |       ||     7
Dodge: Dodged            |    10 |     4 |     4 ||    18

Table legend: (Time is in decaauts)
 A = Elapsed time spent in this place.
 B = Non-inter-level travel time spent in this place.
 C = Inter-level travel time spent in this place.
 D = Time resting spent in this place.
 E = Time spent auto-exploring this place.
 F = Levels seen in this place.
 G = Mean time per level.
                   A        B        C        D        E       F      G
               +--------+--------+--------+--------+--------+-----+--------+
         Total |    608 |    608 |      0 |      0 |    350 |   1 |  608.0 |
       Dungeon |    608 |    608 |      0 |      0 |    350 |   1 |  608.0 |
               +--------+--------+--------+--------+--------+-----+--------+

Top non-repeatable levels by time:
       D: 608 daAuts
